 Dungeon Crawl Stone Soup version 0.25-a0-166-g16436c4 (webtiles) character file.

Game seed: 18015162746226578839, levelgen mode: deterministic

3992 Letos the Cleaver (level 10, -1/75 HPs)
             Began as a Formicid Fighter on Nov 23, 2019.
             Was a Believer of Qazlal.
             Slain by a black bear (9 damage)
             ... on level 8 of the Dungeon.
             The game lasted 00:13:31 (8248 turns).

Letos the Cleaver (Formicid Fighter)                Turns: 8248, Time: 00:13:33

Health: -1/75      AC: 16    Str: 23    XL:     10   Next: 46%
Magic:  16/16      EV:  6    Int:  9    God:    Qazlal [**....]
Gold:   165        SH: 14    Dex: 10    Spells: 8/9 levels left

rFire    + . .     SeeInvis +   a - +0 war axe
rCold    . . .     Gourm    .   c - +0 shield
rNeg     . . .     Faith    .   m - +3 plate armour
rPois    .         Spirit   .   (helmet unavailable)
rElec    .         Reflect  .   q - +0 cloak
rCorr    .         Harm     .   s - +0 pair of gloves
MR       +....                  (no boots)
Stlth    ..........             x - amulet of regeneration
HPRegen  0.62/turn              (no ring)
MPRegen  0.15/turn              n - ring of protection from fire

@: no status effects
A: permanent stasis, dig shafts and tunnels, four strong arms, antennae 3
a: Dig, Shaft Self, Upheaval, Renounce Religion


You were on level 8 of the Dungeon.
You worshipped Qazlal.
Qazlal was pleased with you.
You were not hungry.

You visited 2 branches of the dungeon, and saw 10 of its levels.

You collected 431 gold pieces.
You spent 266 gold pieces at shops.

Inventory:

Hand Weapons
 a - a +0 war axe (weapon)
 r - a +5 scimitar of slicing
Armour
 c - a +0 shield (worn)
 d - a +0 large shield
 m - a +3 plate armour (worn)
 q - a +0 cloak (worn)
 s - a +0 pair of gloves (worn)
Jewellery
 n - a ring of protection from fire (right hand)
 x - an amulet of regeneration (around neck)
Wands
 b - a wand of polymorph (2)
 u - a wand of disintegration (9)
 v - a wand of acid (14)
 A - a wand of flame (8)
Scrolls
 e - 4 scrolls of identify
 g - 3 scrolls of remove curse
 h - 3 scrolls of amnesia
 k - a scroll of magic mapping
 y - a scroll of fear
Potions
 j - 3 potions of curing
 l - a potion of agility {unknown}
 p - a potion of lignification {unknown}
 t - a potion of haste {unknown}
 w - a potion of resistance {unknown}
 D - a potion of mutation {unknown}
Comestibles
 f - 24 rations


   Skills:
 - Level 5.6 Fighting
 * Level 9.8 Axes
 - Level 3.2 Armour
 - Level 0.5 Dodging
 - Level 0.6 Stealth
 + Level 8.6 Shields
 * Level 8.9 Invocations


You had 8 spell levels left.
You knew the following spells:

 Your Spells              Type           Power        Failure   Level  Hunger
a - Apportation           Tloc           #.....       100%        1    ##.....

Your spell library contained the following spells:

 Spells                   Type           Power        Failure   Level  Hunger
 Animate Skeleton         Necr           N/A          100%        1    ##.....
 Confusing Touch          Hex            #.....       100%        1    ##.....
 Summon Small Mammal      Summ           #...         100%        1    ##.....


Dungeon Overview and Level Annotations

Branches:
Dungeon (9/15)             Temple (1/1) D:5
   Lair: D:8-11         Orc: D:9-12

Altars:
Ashenzari
Fedhas
Hepliaklqana
Nemelex Xobeh
Okawaru
Qazlal
Trog
Uskayaw
Vehumet
Wu Jian
Yredelemnul
Zin
The Shining One

Shops:
D:4 *   D:7 !


Innate Abilities, Weirdness & Mutations

You cannot be hasted, slowed, berserked, paralysed or teleported.
You can dig through walls and to a lower floor.
Your four strong arms can wield two-handed weapons with a shield.
You have a pair of large antennae on your head. (SInv)


Message History

You climb upwards.
There is a stone staircase leading down here.
The black bear bites you!
* * * LOW HITPOINT WARNING * * *
You block the black bear's attack. x2
You block the black bear's attack.
The black bear claws you but does no damage.
You block the black bear's attack. The black bear barely misses you.
The black bear claws you but does no damage.
The black bear barely misses you.
The black bear bites you but does no damage.
You block the black bear's attack.
The black bear claws you but does no damage.
Your plate armour prevents you from hitting the black bear.
The black bear is almost dead.
The black bear bites you.
* * * LOW HITPOINT WARNING * * *
The black bear claws you but does no damage.
You block the black bear's attack. The black bear bites you!
You die...

#.##########.#.#
#.######.......#
#.........##.###
#.####.###.#.#####
#.###.#.).........
#.##.#.#.....####.
#.#.###.#.#.......
#..## ##.#.#.####.
#@#.## ##.##.# ##
#h##.###.###.# #
######.###<..####.#
#......O.>........#
##.####.#{#...######
###...###.#.##########
#....[.[..#..........#
#.#...##############.#
#.##......(.## #.#


You could see a two-headed ogre and a black bear (berserk).

Vanquished Creatures
  Harold (D:8)
  Sigmund (D:6)
  A spriggan (D:7)
  Menkaure (D:6)
  2 black bears
  An ice beast (D:6)
  3 orc warriors
  2 sky beasts
  2 phantoms (D:4)
  2 ogres
  2 centaurs
  5 bullfrogs
  A scorpion (D:4)
  5 killer bees (D:7)
  4 crimson imps
  A howler monkey (D:5)
  A jelly (D:9)
  A quasit (D:7)
  3 hounds
  3 orc priests
  2 iguanas
  4 orc wizards
  5 worker ants
  A worker ant zombie (D:5)
  7 gnolls (D:4)
  13 adders
  A shadow imp (D:5)
  An adder zombie (D:5)
  2 adder skeletons
  3 worms (D:2)
  3 dart slugs
  5 leopard geckos
  24 orcs
  3 ball pythons (D:3)
  12 bats
  6 giant cockroaches
  4 goblins (D:8)
  3 hobgoblins
  2 jackals (D:5)
  12 kobolds
  6 quokkas
  A ball python skeleton (D:5)
  3 frilled lizards
  A leopard gecko skeleton (D:6)
  A quokka skeleton (D:4)
  5 rats
172 creatures vanquished.

Notes
Turn   | Place    | Note
-------+----------+-------------------------------------------
     0 | D:1      | Letos the Formicid Fighter began the quest for the Orb.
     0 | D:1      | Reached XP level 1. HP: 18/18 MP: 1/1
   367 | D:1      | Reached XP level 2. HP: 24/25 MP: 2/2
   857 | D:2      | Reached XP level 3. HP: 16/30 MP: 3/3
  1050 | D:2      | Reached skill level 3 in Axes
  1155 | D:2      | Found a bloodstained altar of Trog.
  1155 | D:2      | Noticed a moth of wrath
  1179 | D:2      | Reached XP level 4. HP: 27/37 MP: 4/4
  2048 | D:3      | Found a hazy altar of Hepliaklqana.
  2113 | D:3      | Reached XP level 5. HP: 42/42 MP: 5/5
  2545 | D:4      | Reached skill level 4 in Axes
  2730 | D:4      | Reached XP level 6. HP: 33/49 MP: 6/6
  2870 | D:4      | Noticed a phantom
  2907 | D:4      | Killed a phantom
  2907 | D:4      | Reached skill level 5 in Fighting
  2907 | D:4      | Reached skill level 5 in Axes
  3115 | D:4      | Reached XP level 7. HP: 45/56 MP: 7/7
  3262 | D:4      | Found a glowing golden altar of the Shining One.
  3367 | D:4      | Found Zin's Purification Station.
  3367 | D:4      | Found a glowing silver altar of Zin.
  3466 | D:4      | Reached skill level 5 in Shields
  3639 | D:5      | Entered Level 5 of the Dungeon
  3950 | D:5      | Found an iron altar of Okawaru.
  3959 | D:5      | Reached skill level 6 in Axes
  4057 | D:5      | Reached XP level 8. HP: 63/63 MP: 8/8
  4288 | D:5      | Found a staircase to the Ecumenical Temple.
  4395 | Temple   | Entered the Ecumenical Temple
  4410 | Temple   | Became a worshipper of Qazlal Stormbringer
  4631 | D:6      | Noticed Sigmund
  4643 | D:6      | Reached skill level 1 in Invocations
  4667 | D:6      | Killed Sigmund
  4783 | D:6      | Found a hide-covered altar of Uskayaw.
  4937 | D:6      | Reached skill level 7 in Axes
  4943 | D:6      | Noticed Menkaure
  4958 | D:6      | Killed Menkaure
  5279 | D:6      | Reached XP level 9. HP: 35/68 MP: 12/12
  5548 | D:6      | Learned a level 1 spell: Apportation
  5554 | D:6      | Found a radiant altar of Vehumet.
  5805 | D:7      | Reached skill level 5 in Invocations
  6192 | D:7      | Reached skill level 8 in Axes
  6282 | D:7      | Found Buygorarph's Distillery.
  6296 | D:7      | Bought a potion of might for 56 gold pieces
  6296 | D:7      | Bought a potion of heal wounds for 70 gold pieces
  6296 | D:7      | Bought a potion of heal wounds for 70 gold pieces
  6296 | D:7      | Bought a potion of heal wounds for 70 gold pieces
  6896 | D:7      | Reached * piety under Qazlal
  7466 | D:8      | Reached skill level 9 in Axes
  7466 | D:8      | Reached XP level 10. HP: 51/75 MP: 15/15
  7637 | D:8      | Noticed Harold
  7651 | D:8      | Killed Harold
  8071 | D:8      | Found a bloodstained altar of Trog.
  8226 | D:9      | Noticed a two-headed ogre
  8231 | D:9      | Reached ** piety under Qazlal
  8236 | D:9      | HP: 2/75 [two-headed ogre/+0 giant spiked club (7)]
  8248 | D:8      | Slain by a black bear

Levels and vault maps discovered:
D:1:      minmay_arrival_glassed_features, layout_basic
D:2:      layout_loops_ring, tgw_trog, minivault_23, lexackson_kobold_supper
D:3:      layout_loops_cross, overflow_temple_1_default, first_ration,
          saegor_snake_ambush
D:4:      layout_rooms, tso_metal_star, zin_purify
D:5:      layout_cave_pools, okawaru_trees_2, temple_hall
D:6:      layout_layer_cave, nicolae_overflow_crystal_walls,
          overflow_temple_1_default, hangedman_decor_lopped,
          hangedman_minor_gate_pass, uniq_sigmund, uniq_menkaure
D:7:      layout_cave_pods, serial_shops, shop, the_bakery, roderic_batcave
D:8:      layout_loops_ring, trog_hazing_becter, uniq_harold
D:9:      layout_cave_pods, serial_shops, kennysheep_mini
Temple:   regret_index_temple_waves

Skill      XL: |  1  2  3  4  5  6  7  8  9 10 |
---------------+-------------------------------+-----
Fighting       | 4 5 |  5.6
Axes           | 3 4 5 6 7 9 |  9.8
Shields        | 4 5 6 7 8 |  8.6
Invocations    | 4 7 8 |  8.9
Armour         | |  3.2
Dodging        | |  0.5
Stealth        | |  0.6

Action                   |  1- 3 |  4- 6 |  7- 9 | 10-12 || total
-------------------------+-------+-------+-------+-------++-------
Melee: War axe           |   102 |   171 |   461 |    86 ||   820
 Abil: Dig               |     1 |     5 |     6 |     3 ||    15
  Use: Scroll            |     5 |       |    11 |     1 ||    17
       Potion            |       |     1 |     6 |     4 ||    11
 Stab: Distracted        |       |       |     1 |       ||     1
  Eat: Chunk             |     1 |     7 |    15 |     3 ||    26
Armor: Scale mail        |    12 |       |       |       ||    12
       Chain mail        |    51 |       |       |       ||    51
       Plate armour      |    14 |   175 |   289 |    65 ||   543
Dodge: Dodged            |    50 |    88 |   128 |    33 ||   299
Block: Shield            |       |       |   208 |    95 ||   303

Table legend:
 A = Non-vault XP
 B = Vault XP
 C = Vault XP percentage of total XP
 D = Non-vault monster count
 E = Vault monster count
 F = Vault count percentage of total count
                 A         B        C        D         E       F
            +---------+---------+-------+---------+---------+-------
      Total |    3884 |    1820 |  31.9 |     135 |      37 |  21.5
            +---------+---------+-------+---------+---------+-------
        D:1 |      21 |       0 |   0.0 |      10 |       0 |   0.0
        D:2 |      68 |      31 |  31.3 |      14 |      13 |  48.1
        D:3 |      44 |       5 |  10.2 |       5 |       3 |  37.5
        D:4 |     561 |       0 |   0.0 |      25 |       0 |   0.0
        D:5 |     348 |       0 |   0.0 |      24 |       0 |   0.0
        D:6 |     391 |     531 |  57.6 |      10 |       5 |  33.3
        D:7 |    1442 |     235 |  14.0 |      26 |       9 |  25.7
        D:8 |     812 |    1018 |  55.6 |      15 |       7 |  31.8
        D:9 |     197 |       0 |   0.0 |       6 |       0 |   0.0
            +---------+---------+-------+---------+---------+-------
